 Dungeon Crawl Stone Soup version 0.32-a0-328-gd8048dd28f (webtiles) character file.

Game seed: 16529862304507827692

3046710 Sergey the Executioner (level 24, 224/224 (231) HPs)
             Began as a Mountain Dwarf Fighter on Feb 16, 2024.
             Was the Champion of Beogh.
             Escaped with the Orb
             ... and 4 runes
             ... and 2 gems!
             The game lasted 01:49:45 (49246 turns).

Sergey the Executioner (Mountain Dwarf Fighter)    Turns: 49246, Time: 01:49:45

HP:   224/224 (231) AC: 40    Str: 39    XL:     24   Next: 55%
MP:   47/47         EV: 13    Int: 15    God:    Beogh [******]
Gold: 5430          SH: 26    Dex: 12    Spells: 23/23 levels left

rFire   + + +        t - +8 mithril axe "Arga" {speed, Will+}
rCold   + . .        S - +6 kite shield "Dint" {-Cast rF+ Regen+ Str+4}
rNeg    . . .        Y - +10 storm dragon scales
rPois   +            B - +2 hat {Will+}
rElec   +            X - scarf {rC+ rF+}
rCorr   +            l - +2 pair of gloves of Kekkuru {rF+ MP+9}
SInv    .            o - +2 pair of boots
Will    ++++.        v - amulet of Ogaocine {Reflect Rampage ^Drain rPois SH+5} Stlth
                     m - ring "Vucrych" {^Drain rCorr Int+4 Dex+3}
HPRegen 1.37/turn    U - +6 ring of strength
MPRegen 0.30/turn

%: no spellcasting, reflection, rampage
@: studying 2 skills, lightly drained
A: walk on water, runic magic, artefact enchanting, iridescent scales 1
0: Orb of Zot
}: 4/15 runes: barnacled, slimy, silver, gossamer
a: Renounce Religion, Smiting, Recall Apostles, Blood for Blood, Dismiss Benkei,
priest, Dismiss Bogbrand, priest, Dismiss Horkud, warrior


You escaped.
You worshipped Beogh.
Beogh was exalted by your worship.
You visited 10 branches of the dungeon, and saw 52 of its levels.
You visited 1 bazaar.
You also visited: Sewer, Bailey, Ice Cave and Wizlab.

You collected 9822 gold pieces.
You spent 4392 gold pieces at shops.

Inventory:

Hand Weapons
 q - a +4 antimagic broad axe
 t - the +8 mithril axe "Arga" (weapon) {speed, Will+}
   (You acquired it on level 2 of the Elven Halls)

   Will+:     It increases your willpower.
Missiles
 h - 40 boomerangs (quivered)
 A - 9 curare-tipped darts
 D - 4 throwing nets
Armour
 l - the +2 pair of gloves of Kekkuru (worn) {rF+ MP+9}
   (You acquired it on level 4 of the Shoals)

   rF+:       It protects you from fire.
   MP+9:      It affects your magic capacity (+9).
 o - a +2 pair of boots (worn)
 r - the +0 helmet of the Five Building Gods {rC+ Str+3}
   (You bought it in a shop in a bazaar)

   Str+3:     It affects your strength (+3).
   rC+:       It protects you from cold.
 B - a +2 hat of willpower (worn)
 S - the +6 kite shield "Dint" (worn) {-Cast rF+ Regen+ Str+4}
   (You acquired it on level 2 of the Lair of Beasts)

   Str+4:     It affects your strength (+4).
   rF+:       It protects you from fire.
   -Cast:     It prevents spellcasting.
   Regen+:    It increases your rate of health regeneration.
 X - a scarf of resistance (worn)
 Y - +10 storm dragon scales (worn)
 Z - a +2 cloak
Jewellery
 f - the amulet "Dumet" {rF+ rC++ Regen+}
   (You bought it in a shop on level 2 of the Orcish Mines)

   [amulet of regeneration]

   rF+:       It protects you from fire.
   rC++:      It greatly protects you from cold.
   Regen+:    It increases your rate of health regeneration.
 m - the ring "Vucrych" (left hand) {^Drain rCorr Int+4 Dex+3}
   (You took it off a centaur on level 10 of the Dungeon)

   [ring of resist corrosion]

   Int+4:     It affects your intelligence (+4).
   Dex+3:     It affects your dexterity (+3).
   rCorr:     It protects you from acid and corrosion.
   ^Drain:    It drains your maximum health when unequipped.
 v - the amulet of Ogaocine (around neck) {Reflect Rampage ^Drain rPois SH+5}
   (You took it off a deep elf demonologist on level 5 of the Vaults)

   [amulet of reflection]

   Reflect:   It reflects blocked missile attacks.
   rPois:     It protects you from poison ^Drain: It drains your maximum health
   when unequipped.
   SH+5:      It affects your SH (+5).
   Rampage:   It bestows one free step when moving towards enemies.
 w - a ring of see invisible
 M - a +5 ring of evasion
 N - a ring of positive energy
 U - a +6 ring of strength (right hand)
 W - a ring of willpower
Wands
 c - a wand of light (6)
 i - a wand of iceblast (43)
 n - a wand of mindburst (55)
 y - a wand of charming (59)
Scrolls
 a - 4 scrolls of fear
 d - 8 scrolls of immolation
 e - 2 scrolls of silence {!r}
 j - 9 scrolls of vulnerability {!r}
 u - 8 scrolls of blinking {@r4}
 G - 2 scrolls of fog {@r2}
 H - 14 scrolls of teleportation {@r3}
Potions
 b - 2 potions of invisibility
 g - 7 potions of might {@q3}
 p - 4 potions of resistance
 s - 2 potions of cancellation
 x - a potion of brilliance
 z - 6 potions of mutation
 E - 5 potions of haste {@q5}
 F - 5 potions of magic
 I - 13 potions of curing {@q2}
 J - 5 potions of ambrosia
 K - 9 potions of lignification
 L - 16 potions of heal wounds {@q1}
 O - 9 potions of enlightenment
Miscellaneous
 k - a phantom mirror
 C - a box of beasts
 R - a lightning rod (4/4)
 T - a phial of floods
 V - a condenser vane


   Skills:
 - Level 22.0 Fighting
 - Level 24.4(25.0) Axes
 - Level 9.3(18.4) Maces & Flails
 + Level 6.6 Throwing
 - Level 20.0 Armour
 - Level 10.0 Dodging
 - Level 20.0 Shields
 + Level 22.7 Invocations
 - Level 12.0 Evocations


You had 23 spell levels left.
You didn't know any spells.
Your spell library contained the following spells:

 Spells                   Type           Power      Damage    Failure   Level
 Apportation              Tloc           0%         N/A       36%         1
 Foxfire                  Conj/Fire      0%         2x1d4     36%         1
 Freeze                   Ice            0%         1d3       36%         1
 Magic Dart               Conj           0%         1d3       36%         1
 Necrotise                Necr           0%         1d4       36%         1
 Sandblast                Erth           0%         2d4       36%         1
 Sting                    Conj/Alch      0%         1d3       36%         1
 Summon Small Mammal      Summ           0%         N/A       36%         1
 Blink                    Tloc           0%         N/A       50%         2
 Call Imp                 Summ           0%         N/A       50%         2
 Cigotuvi's Dreadful Rot  Necr/Alch/Air  0%         N/A       50%         2
 Ensorcelled Hibernation  Hex/Ice        0%         N/A       50%         2
 Jinxbite                 Hex            0%         N/A       50%         2
 Lesser Beckoning         Tloc           0%         N/A       50%         2
 Mercury Vapours          Alch/Air       0%         N/A       50%         2
 Momentum Strike          Conj/Tloc      0%         3d8       50%         2
 Scorch                   Fire           0%         2d5       50%         2
 Searing Ray              Conj           0%         2d4       50%         2
 Call Canine Familiar     Summ           0%         N/A       75%         3
 Frozen Ramparts          Ice            0%         1d1       75%         3
 Fugue of the Fallen      Necr           0%         N/A       75%         3
 Gell's Gravitas          Tloc           0%         N/A       75%         3
 Hailstorm                Conj/Ice       0%         3d5       75%         3
 Inner Flame              Hex/Fire       0%         N/A       75%         3
 Mephitic Cloud           Conj/Alch/Air  0%         N/A       75%         3
 Ozocubu's Armour         Ice            0%         N/A       75%         3
 Passwall                 Erth           0%         N/A       75%         3
 Sigil of Binding         Hex            0%         N/A       75%         3
 Stone Arrow              Conj/Erth      0%         3d7       75%         3
 Summon Ice Beast         Ice/Summ       0%         N/A       75%         3
 Swiftness                Air            0%         N/A       75%         3
 Teleport Other           Tloc           0%         N/A       75%         3
 Tukima's Dance           Hex            0%         N/A       75%         3
 Animate Armour           Summ/Erth      0%         N/A       98%         4
 Brom's Barrelling Bould  Conj/Erth      0%         2d3       98%         4
 Dimensional Bullseye     Hex/Tloc       0%         N/A       98%         4
 Dispel Undead            Necr           0%         3d6       98%         4
 Flame Wave               Conj/Fire      0%         2d4       98%         4
 Fulminant Prism          Conj/Alch      0%         3d5       98%         4
 Leda's Liquefaction      Alch/Erth      0%         N/A       98%         4
 Manifold Assault         Tloc           0%         N/A       98%         4
 Martyr's Knell           Necr/Summ      0%         N/A       98%         4
 Olgreb's Toxic Radiance  Alch           0%         N/A       98%         4
 Passage of Golubria      Tloc           0%         N/A       98%         4
 Petrify                  Alch/Erth      0%         N/A       98%         4
 Sticky Flame             Fire/Alch      0%         2d4       98%         4
 Vhi's Electric Charge    Tloc/Air       0%         N/A       98%         4
 Alistair's Intoxication  Alch           0%         N/A       100%        5
 Arcjolt                  Conj/Air       0%         1d10      100%        5
 Freezing Cloud           Conj/Ice/Air   0%         6-21      100%        5
 Lee's Rapid Deconstruct  Erth           0%         3d4*      100%        5
 Metabolic Englaciation   Hex/Ice        0%         N/A       100%        5
 Yara's Violent Unravell  Hex/Alch       0%         3d3       100%        5
 Bombard                  Conj/Erth      0%         9d1       100%        6
 Death Channel            Necr           0%         N/A       100%        6
 Dispersal                Tloc           0%         N/A       100%        6
 Plasma Beam              Fire/Air       0%         2x1d10    100%        6
 Sculpt Simulacrum        Ice/Alch       0%         N/A       100%        6
 Starburst                Conj/Fire      0%         6d3       100%        6
 Summon Cactus Giant      Summ           0%         N/A       100%        6
 Enfeeble                 Hex            0%         N/A       100%        7
 Haunt                    Necr/Summ      0%         N/A       100%        7
 Malign Gateway           Summ/Tloc      0%         N/A       100%        7
 Ozocubu's Refrigeration  Ice            0%         4d7       100%        7
 Discord                  Hex            0%         N/A       100%        8
 Infestation              Necr           0%         N/A       100%        8
 Maxwell's Capacitive Co  Air            0%         ∞         100%        8
 Chain Lightning          Conj/Air       0%         N/A       100%        9
 Dragon's Call            Summ           0%         N/A       100%        9
 Fire Storm               Conj/Fire      0%         5d1       100%        9
 Shatter                  Erth           0%         3d5*      100%        9


Dungeon Overview and Level Annotations

Branches:
Dungeon (15/15)            Temple (0/1) D:6            Lair (5/5) D:10
 Shoals (4/4) Lair:2       Spider (4/4) Lair:3        Slime (5/5) Lair:4
    Orc (2/2) D:11            Elf (3/3) Orc:2        Vaults (5/5) D:14
  Crypt (0/3) Vaults:2     Depths (4/4) D:15            Zot (5/5) Depths:4
  Sewer (visited)          Bailey (visited)           IceCv (visited)
 WizLab (visited)

Altars:
Ashenzari
Dithmenos
Kikubaaqudgha
Nemelex Xobeh
Qazlal
Uskayaw
Yredelemnul
The Shining One
Beogh

Shops:
D:9 (   D:10 =   D:12 :   Orc:2 *=([   Elf:2 !   Shoals:1 (   Vaults:2 (
Vaults:4 *   Depths:4 ?=(*

Portals:
Hell: Depths:1 Depths:2 Depths:4
Abyss: Depths:1 Depths:3
Pandemonium: Depths:2 Depths:3
Ziggurat: Depths:3

Annotations:
D:3 exclusion: downstairs
D:5 3 runed translucent doors, 2 exclusions, Mll's ghost, novice GrFi
D:6 exclusion: downstairs
Shoals:4 3 runed translucent doors
Orc:1 1 transporter
Depths:2 exclusion: orange crystal statue


Innate Abilities, Weirdness & Mutations

You can walk on water.
Your facial features are unmistakably orcish.
Your spellcasting is much less encumbered by armour.
You can use scrolls of enchantment on lesser artefacts.
You are partially covered in iridescent scales. (AC +2)


Message History

You slice the angel!!
The angel is almost dead.
You hit the angel.
You kill the angel!
Beogh accepts your kill.
No target in view! 3 hell hogs come into view.
The hell hog squeals angrily. x2
A hell hog comes into view.
The hell hog breathes fire at you.
The fireball explodes!
The fireball engulfs you. You resist. The hell hog breathes fire at you.
The fireball explodes!
The fireball engulfs you. You resist.
There is a stone staircase leading up here.
You climb upwards.
Level annotation: 3 runed translucent doors, 2 exclusions, Mll's ghost, novice GrFi
There is a stone staircase leading down here.
There is a stone staircase leading up here.
You climb upwards.
There is a stone staircase leading down here.
Your extra speed is starting to run out.
There is an escape hatch in the ceiling here.
A mysterious force pulls you upwards. The hatch slams shut behind you.
Level annotation: exclusion: downstairs You feel yourself slow down.
There is a stone staircase leading up here.
You climb upwards.
There is a stone staircase leading down here.
HP restored.
There is a stone staircase leading up here.
You climb upwards.
There is a stone staircase leading down here.
You open the door.
There is an open door here.
A hellion comes into view.
The hellion moves out of view.
You open the door.
There is an open door here.
There is a staircase leading out of the dungeon here.
You have escaped!

..'............##.###........##.#
..############....# #........##.#
###.........####..###........##.#
...............##...'..2...>....#
.....⌠...⌠......'.###.........###
..⌠.........⌠...### ####......#
.......≈.........# #......#
(⌠...........⌠...# #......#
....≈.....≈.....@# #......#
.⌠...........⌠...# #......#
.......≈.........# #......#
..⌠.........⌠...###########..##
.....⌠...⌠.......#.....# #..#
...............###.....####..#
###.........######.....#.....#
.############..........#.....#
............#..........#...).#


There were no monsters in sight!

Vanquished Creatures
  the Royal Jelly (Slime:5)
  A dread lich (Vaults:5)
  An ancient lich (Vaults:5)
  Mennas (Depths:4)
  An orb of fire (Zot:1)
  Boris (Depths:4)
  A caustic shrike (Depths:2)
  A curse toe (Zot:5)
  5 golden dragons
  Jory (Vaults:4)
  A Tzitzimitl (Depths:3)
  A bone dragon (Depths:4)
  Rupert (D:12)
  10 Orb Guardians
  3 tentacled monstrosities
  A Hell Sentinel (Zot:4)
  An Ice Fiend (IceCv)
  A lich (Depths:2)
  Jorgrun (D:14)
  15 acid blobs
  5 sphinxes
  4 quicksilver dragons
  2 deep elf blademasters (Elf:3)
  3 titans
  A kraken (Shoals:3)
  Kirke (D:12)
  3 shadow dragons
  4 tengu reavers
  2 draconian shifters
  4 storm dragons
  8 azure jellies
  9 frost giants
  2 draconian monks
  A deep elf elementalist (Elf:3)
  7 vault wardens
  6 fire giants
  6 rockslimes
  5 deep elf sorcerers
  A draconian knight (Depths:4)
  A draconian scorcher (Zot:5)
  A ghost moth (shapeshifter) (Depths:3)
  2 ghost moths
  2 emperor scorpions
  An angel (D:6)
  A draconian annihilator (Zot:5)
  3 orc warlords
  6 broodmothers (Spider:4)
  A spriggan defender (Depths:3)
  13 very ugly things
  10 formless jellyfish
  5 quicksilver oozes
  A vampire knight (Depths:3)
  12 ironbound preservers
  4 ironbound thunderhulks
  11 stone giants
  2 green draconians (Zot:5)
  4 deep elf annihilators
  4 white draconians (Zot:5)
  7 deep elf demonologists
  3 red draconians
  5 deep elf death magi
  4 war gargoyles
  4 yellow draconians
  2 dire elephants (Vaults:1)
  9 spark wasps
  7 purple draconians
  Snorg (Lair:3)
  A green death (D:14)
  8 ettins
  An entropy weaver (shapeshifter) (D:14)
  7 fire dragons
  3 merfolk impalers
  2 deep elf high priests (Vaults:5)
  6 entropy weavers
  6 yaktaur captains
  7 great orbs of eyes
  3 ice dragons
  18 vault guards
  2 rakshasas
  2 peacekeepers
  3 spriggan air magi
  4 hydras
  5 ironbound frosthearts
  2 ogre magi
  An alligator snapping turtle (Shoals:4)
  8 two-headed ogres
  A jorogumo (Spider:2)
  7 radroaches
  2 satyrs
  Fannar (Orc:1)
  8 dancing weapons
  19 centaur warriors
  4 boulder beetles
  6 deep troll shamans
  4 merfolk aquamancers
  5 death yaks (Lair:4)
  9 deep troll earth magi
  2 tengu warriors
  2 hell hogs (Depths:4)
  2 occultists
  2 orc high priests
  4 demonic crawlers
  A vampire mage (Depths:2)
  A sun demon (Depths:4)
  5 spriggan berserkers
  A hell knight (Depths:4)
  A skyshark (shapeshifter) (Vaults:5)
  12 deep elf knights
  4 soul eaters
  3 orc apostles
  A salamander mystic (Depths:4)
  2 sea snakes (shapeshifter) (Vaults:5)
  3 iron trolls
  7 skysharks
  9 sea snakes
  Lodul (D:14)
  3 orb spiders
  5 pharaoh ants
  6 glowing orange brains
  2 flayed ghosts
  14 skeletal warriors
  An obsidian statue (IceCv)
  A lindwurm (shapeshifter) (Depths:4)
  2 lindwurms
  4 arcanists
  3 sun moths
  32 deep trolls
  4 spriggan simulacra (IceCv)
  6 deep elf archers
  9 ironbound convokers
  2 steelbarb worms (Spider:2)
  8 deep elf zephyrmancers
  23 deep elf pyromancers
  The ghost of DEFE the Cleaver, a novice MDFi of the Shining One (D:6)
  6 orc knights
  2 orc sorcerers
  20 harpies
  A faun (shapeshifter) (Vaults:5)
  4 necromancers
  A shining eye (shapeshifter) (Depths:3)
  8 ugly things
  17 wolf spiders
  3 cyclopes
  6 fauns
  10 moths of wrath
  10 manticores
  3 shining eyes
  3 meliai
  2 salamanders (Depths:4)
  A moth of wrath (shapeshifter) (Vaults:5)
  16 elephants
  6 merfolk sirens
  An elephant (shapeshifter) (Depths:3)
  5 large abominations
  A black mamba (shapeshifter) (D:13)
  4 black mambas
  A water nymph (shapeshifter) (D:15)
  5 vault sentinels
  2 gargoyles (D:11)
  A cane toad (shapeshifter) (D:13)
  Joseph (D:7)
  4 water nymphs
  An eye of devastation (Slime:3)
  3 torpor snails
  3 freezing wraiths (IceCv)
  Maggie (D:7)
  An unseen horror (Depths:1)
  7 cane toads
  3 centaur skeletons (D:14)
  A hellion (Depths:3)
  An efreet (D:14)
  8 komodo dragons
  15 yaktaurs
  2 kobold demonologists
  A tormentor (Depths:3)
  2 human skeletons (Vaults:3)
  2 rime drakes
  2 golden dragon simulacra (IceCv)
  4 tengu conjurers
  16 ice devils (IceCv)
  12 trolls
  13 merfolk
  6 wind drakes
  7 hornets
  2 alligator simulacra (IceCv)
  A merfolk (shapeshifter) (Vaults:5)
  17 tarantellas
  5 polar bears
  5 glass eyes
  11 blink frogs
  9 snapping turtles
  A dream sheep (Shoals:1)
  11 jumping spiders
  72 slime creatures
  A slime creature (shapeshifter) (Depths:3)
  A shadow (D:8)
  11 culicivoras
  2 air elementals
  A vampire (D:13)
  11 spriggans
  10 water elementals
  3 wraiths
  A hog (D:12)
  52 yaks
  2 dire elephant simulacra (IceCv)
  2 wargs (Orc:1)
  4 wyverns
  4 golden eyes (Slime:3)
  2 fire elementals
  4 basilisks
  5 vampire mosquitoes
  9 minotaur simulacra (IceCv)
  39 redbacks
  4 chaos spawn (Depths:1)
  2 acid dragons
  A hydra simulacrum (IceCv)
  10 water moccasins
  A glowing shapeshifter skeleton (Vaults:3)
  An ice beast (D:6)
  A sky beast (D:7)
  5 black bears
  An ettin simulacrum (IceCv)
  16 ogres
  10 orc warriors
  22 wolves
  6 boggarts
  20 centaurs
  2 phantoms
  4 kobold brigands
  A human zombie (Vaults:3)
  8 bullfrogs
  2 elf zombies (Elf:1)
  2 small abominations (Depths:1)
  3 earth elementals (Elf:1)
  2 gnoll sergeants
  5 deep troll simulacra (IceCv)
  3 scorpions
  6 wights (D:7)
  A lindwurm simulacrum (IceCv)
  11 killer bees
  9 howler monkeys
  2 bombardier beetles (D:5)
  A jelly (D:6)
  A hound (D:6)
  Crazy Yiuf (D:5)
  2 iguanas
  8 orc priests
  Natasha (thrice) (D:3)
  7 orc wizards
  A boggart skeleton (D:14)
  15 gnolls
  15 adders
  A river rat (D:5)
  A shadow imp (D:7)
  2 ufetubi (D:5)
  3 dart slugs
  3 ribbon worms
  25 orcs
  8 ball pythons
  7 endoplasms
  5 giant cockroaches
  13 goblins
  5 hobgoblins
  5 jackals
  28 kobolds
  5 quokkas
  3 bats
  3 frilled lizards
  5 rats
1483 creatures vanquished.

Vanquished Creatures (collateral kills)
  Frederick (Vaults:3)
  3 juggernauts
  Norris (Vaults:4)
  A lich (Vaults:5)
  A tentacled monstrosity (Zot:1)
  Mlioglotl (Spider:4)
  A deep elf blademaster (Elf:3)
  5 acid blobs
  3 Orb Guardians (Zot:5)
  A quicksilver dragon (Zot:4)
  4 deep elf master archers (Elf:3)
  A death cob (Zot:3)
  3 storm dragons
  A tengu reaver (Vaults:5)
  Ilsuiw (Shoals:2)
  4 shadow dragons
  2 fire giants
  A rockslime (Slime:5)
  A draconian monk (Zot:3)
  An emperor scorpion (Spider:2)
  A frost giant (Depths:2)
  A deep elf elementalist (Elf:3)
  8 vault wardens
  2 ghost moths (Spider:4)
  An orc warlord (Slime:4)
  A broodmother (Spider:4)
  2 stone giants
  3 ironbound preservers
  A very ugly thing (Vaults:5)
  3 ironbound thunderhulks
  4 quicksilver oozes
  A vampire knight (Depths:2)
  2 deep elf demonologists (Elf:3)
  A formless jellyfish (Slime:5)
  7 deep elf death magi
  2 black draconians
  2 white draconians
  A yellow draconian (Zot:5)
  A spark wasp (Spider:4)
  3 war gargoyles (Vaults:5)
  3 deep elf annihilators (Elf:3)
  2 dire elephants (Vaults:1)
  3 merfolk javelineers
  A blizzard demon (Depths:2)
  2 ettins
  3 fire dragons
  4 merfolk impalers
  3 yaktaur captains
  2 rakshasas
  4 entropy weavers
  2 deep elf high priests
  12 vault guards
  4 great orbs of eyes
  An ice dragon (Depths:1)
  3 ogre magi
  A radroach (Spider:2)
  An alligator (shapeshifter) (Depths:2)
  A boulder beetle (Spider:1)
  7 ironbound frosthearts
  A merfolk avatar (Shoals:1)
  3 centaur warriors (Vaults:3)
  3 merfolk aquamancers
  12 two-headed ogres
  A tengu warrior (Depths:1)
  A deep elf knight (Vaults:5)
  4 demonic crawlers
  4 pharaoh ants
  5 skysharks
  3 iron trolls
  16 deep trolls
  6 sea snakes
  An arcanist (Vaults:2)
  2 glowing orange brains (Slime:3)
  A sun moth (Spider:4)
  2 steelbarb worms (Spider:1)
  4 ironbound convokers
  6 orb spiders
  2 deep elf archers
  5 deep elf zephyrmancers
  A lindwurm (shapeshifter) (Vaults:5)
  2 large abominations
  4 phantasmal warriors
  5 harpies
  2 orc knights
  2 orc sorcerers
  9 wolf spiders
  3 ugly things
  2 fauns (shapeshifter)
  3 deep elf pyromancers
  5 fauns
  A moth of wrath (Zot:2)
  9 manticores
  2 cyclopes
  An elephant (Lair:5)
  2 meliai (D:15)
  A black mamba (Lair:5)
  2 eyes of devastation
  2 vault sentinels
  3 shining eyes
  A fire giant skeleton (Vaults:3)
  A salamander (Depths:4)
  A kobold blastminer (Orc:2)
  3 water nymphs
  3 merfolk sirens
  2 cane toads (Lair:2)
  2 torpor snails
  A smoke demon (Depths:4)
  An unseen horror (shapeshifter) (D:13)
  3 unseen horrors
  8 yaktaurs
  An ice devil (Spider:3)
  A tengu conjurer (D:15)
  A troll (Elf:3)
  A polar bear (Lair:5)
  12 merfolk
  11 tarantellas
  2 glass eyes
  A hornet (Lair:5)
  2 wind drakes
  3 snapping turtles
  2 dream sheep (Shoals:1)
  16 slime creatures
  2 spriggans (Lair:5)
  8 jumping spiders
  6 culicivoras
  2 water elementals (Shoals:2)
  3 yaks
  2 golden eyes
  A vampire mosquito (D:14)
  2 chaos spawn (Depths:1)
  19 redbacks
  A water moccasin (Lair:2)
  2 boggarts (Vaults:3)
  6 wolves
  4 centaurs (D:13)
  A human skeleton (Vaults:3)
  20 ogres (Orc:2)
  A kobold brigand (D:14)
  An elf zombie (Elf:1)
  A bullfrog (Lair:1)
  A small abomination (Depths:1)
  2 orc priests (Orc:1)
  2 orc wizards
  2 orcs
454 creatures vanquished.

Vanquished Creatures (others)
  A fire giant (Depths:2)
  3 orc warlords
  A merfolk impaler (Shoals:4)
  32 orc apostles
  7 orc high priests
  13 orc knights
  A deep elf zephyrmancer (Elf:3)
  A culicivora (Spider:4)
  2 humans (D:12)
  7 orc warriors
  20 orc priests
  An orc wizard (D:6)
  12 orcs
  4 tentacles (Shoals:3)
105 creatures vanquished.

Grand Total: 2042 creatures vanquished

Notes
Turn   | Place    | Note
-------+----------+-------------------------------------------
     0 | D:1      | Sergey the Mountain Dwarf Fighter began the quest for the
                  | Orb.
     0 | D:1      | Reached XP level 1. HP: 19/19 MP: 1/1
    77 | D:1      | Reached skill level 3 in Axes
    77 | D:1      | Reached XP level 2. HP: 26/26 MP: 2/2
   325 | D:1      | Reached skill level 4 in Axes
   430 | D:1      | Reached XP level 3. HP: 24/31 MP: 3/3
   769 | D:2      | Reached skill level 5 in Axes
  1037 | D:2      | Reached XP level 4. HP: 38/38 MP: 4/4
  1640 | D:3      | Reached skill level 6 in Axes
  1648 | D:3      | Noticed Natasha
  1661 | D:3      | Killed Natasha
  1662 | D:3      | Reached XP level 5. HP: 39/46 MP: 5/5
  1997 | D:3      | Noticed Natasha
  2194 | D:3      | Killed Natasha
  2277 | D:3      | Noticed Natasha
  2283 | D:3      | Killed Natasha
  2284 | D:3      | Reached skill level 5 in Fighting
  2393 | D:3      | Found a faded altar of an unknown god.
  2806 | D:4      | Noticed an ogre
  2956 | D:3      | Reached XP level 6. HP: 56/56 MP: 6/6
  3214 | D:4      | Became a worshipper of Beogh the Shepherd
  3264 | D:4      | Found a basalt altar of Yredelemnul.
  3927 | D:5      | Entered Level 5 of the Dungeon
  3957 | D:5      | Reached XP level 7. HP: 62/62 MP: 7/7
  4004 | D:5      | Found a glowing golden altar of the Shining One.
  4004 | D:5      | Found a shadowy altar of Dithmenos.
  4027 | D:5      | Found a runed translucent gate.
  4032 | D:5      | Found a runed translucent gate.
  4032 | D:5      | Found a runed translucent gate.
  4054 | D:5      | Reached skill level 7 in Axes
  4064 | D:5      | Reached skill level 5 in Armour
  4185 | D:5      | Noticed Mll's ghost (novice GrFi)
  4297 | D:5      | Reached * piety under Beogh
  4316 | D:5      | Found a glowing drain.
  4321 | Sewer    | Entered a sewer
  4404 | Sewer    | Reached skill level 10 in Axes
  4404 | Sewer    | Reached XP level 8. HP: 78/78 MP: 7/13
  4958 | D:5      | Found a stormy altar of Qazlal.
  4961 | D:5      | Found a faded altar of an unknown god.
  4963 | D:5      | Found a faded altar of an unknown god.
  5045 | D:5      | Found a runed translucent door.
  5046 | D:5      | Noticed Crazy Yiuf
  5125 | D:6      | Found a staircase to the Ecumenical Temple.
  5172 | D:6      | Reached ** piety under Beogh
  5354 | D:6      | Reached XP level 9. HP: 83/83 MP: 10/14
  5383 | D:6      | Reached skill level 11 in Axes
  5446 | D:6      | Noticed DEFE's ghost (novice MDFi)
  5457 | D:6      | Found a runed translucent door.
  6354 | D:6      | Killed DEFE's ghost
  6425 | D:7      | Noticed Maggie
  6597 | D:7      | Killed Maggie
  6784 | D:7      | Reached skill level 10 in Armour
  6786 | D:7      | Reached skill level 12 in Axes
  6988 | D:7      | Found an ancient bone altar of Kikubaaqudgha.
  7041 | D:7      | Reached XP level 10. HP: 80/88 MP: 16/16
  7132 | D:7      | Noticed Joseph
  7143 | D:7      | Killed Joseph
  8213 | D:8      | Was placed under penance by Beogh
  8984 | D:8      | Reached skill level 10 in Fighting
  8984 | D:8      | Reached skill level 1 in Evocations
  8989 | D:8      | Was forgiven by Beogh
  9319 | D:9      | Noticed a two-headed ogre
  9322 | D:9      | Killed a two-headed ogre
  9427 | D:9      | Reached skill level 10 in Invocations
 10137 | D:9      | Reached skill level 5 in Evocations
 10400 | D:9      | Found Vexym's Weapon Shop.
 10490 | D:10     | Entered Level 10 of the Dungeon
 10536 | D:10     | Reached XP level 11. HP: 97/99 MP: 18/18
 10789 | D:10     | Found a flagged portal.
 10799 | Bailey   | Entered a bailey
 10898 | Bailey   | Noticed an orc knight
 10898 | Bailey   | Noticed an orc knight
 10934 | Bailey   | Pacified an orc knight
 10983 | Bailey   | Pacified an orc knight
 10984 | Bailey   | Was placed under penance by Beogh
 10985 | Bailey   | Killed an orc knight
 11205 | Bailey   | Identified the +1 buckler of the Desolation of Salt {rC++}
 11383 | D:10     | Found Ethrok's Jewellery Shop.
 11384 | D:10     | Identified the ring "Vucrych" {^Drain rCorr Int+4 Dex+3}
 11409 | D:10     | Bought a ring of willpower for 375 gold pieces
 11502 | D:10     | Found a staircase to the Lair.
 11534 | D:10     | Was forgiven by Beogh
 12327 | D:5      | Killed Crazy Yiuf
 12329 | D:5      | Identified the +3 hammer of Laceration {vamp, rElec rCorr
                  | Str+2 Int-5}
 12609 | D:11     | Reached skill level 1 in Maces & Flails
 13144 | D:11     | Found a staircase to the Orcish Mines.
 13309 | D:11     | Noticed a two-headed ogre
 13555 | D:11     | Killed a two-headed ogre
 13556 | D:11     | Reached skill level 5 in Maces & Flails
 13656 | Lair:1   | Entered Level 1 of the Lair of Beasts
 14088 | Lair:1   | Reached *** piety under Beogh
 14105 | Lair:1   | Noticed Bogfrid
 14119 | Lair:1   | Anointed Bogfrid the priest as your apostle
 14230 | Lair:1   | Reached skill level 5 in Shields
 14235 | Lair:1   | Your ally Bogfrid died
 14236 | Lair:1   | Reached XP level 12. HP: 88/106 MP: 15/21
 14989 | Lair:2   | Found a staircase to the Shoals.
 15110 | Lair:2   | Identified the +1 robe of Umikystre {rF- Int+5 Stlth+}
 15110 | Lair:2   | Noticed Milork
 15117 | Lair:2   | Anointed Milork the wizard as your apostle
 15774 | Lair:2   | Your ally Milork died
 15792 | Lair:2   | Reached **** piety under Beogh
 15825 | Lair:2   | Got the Octavo of Shivering Hermetica
 15845 | Lair:2   | Your ally Bogfrid died
 15901 | Lair:2   | Identified a scroll of acquirement
 15901 | Lair:2   | Acquired the +6 kite shield "Dint" {-Cast rF+ Regen+ Str+4}
 15926 | Lair:2   | Noticed a four-headed hydra
 15934 | Lair:2   | Killed a four-headed hydra
 16310 | Lair:3   | Noticed Worak
 16314 | Lair:3   | Was placed under penance by Beogh
 16314 | Lair:3   | Killed Worak the orc apostle
 16314 | Lair:3   | Fled from a divine trial
 16403 | Lair:3   | Noticed Snorg
 16414 | Lair:3   | Killed Snorg
 16415 | Lair:3   | Reached XP level 13. HP: 74/113 MP: 22/22
 16667 | Lair:3   | Reached skill level 10 in Shields
 16693 | Lair:3   | Found a hole to the Spider Nest.
 17422 | Lair:4   | Reached skill level 13 in Axes
 17528 | Lair:4   | Was forgiven by Beogh
 17559 | Lair:4   | Found a staircase to the Slime Pits.
 17661 | Lair:4   | Reached skill level 14 in Axes
 18354 | Lair:5   | Entered Level 5 of the Lair of Beasts
 18407 | Lair:5   | Reached skill level 15 in Axes
 18530 | Lair:5   | Your ally Bogfrid died
 18531 | Lair:5   | Reached skill level 16 in Axes
 18600 | Lair:5   | Reached ***** piety under Beogh
 18625 | Lair:5   | Reached XP level 14. HP: 121/121 MP: 23/23
 18675 | Lair:5   | Reached skill level 17 in Axes
 18879 | Lair:5   | Identified the +1 dagger "Zumurid" {heavy, rElec Dex+3
                  | Stlth+}
 18884 | Lair:5   | Anointed Benkei the wizard as your apostle
 19517 | D:12     | Noticed Kirke
 19524 | D:12     | Killed Kirke
 19622 | D:12     | Noticed Rupert
 19630 | D:12     | Your ally Bogfrid died
 19631 | D:12     | Killed Rupert
 19820 | D:12     | Found Kibol's Book Shoppe.
 20392 | D:13     | You fall into a shaft and drop 1 floor!
 20456 | D:14     | Your ally Milork died
 20456 | D:14     | Your ally Benkei died
 20458 | D:14     | Your ally Bogfrid died
 20824 | D:14     | Reached XP level 15. HP: 122/132 MP: 24/24
 20862 | D:14     | Noticed Lodul
 20866 | D:14     | Killed Lodul
 20980 | D:14     | Found a gate to the Vaults.
 21123 | D:14     | Noticed Jorgrun
 21127 | D:14     | Killed Jorgrun
 21259 | D:14     | Anointed Herok the priest as your apostle
 21373 | D:14     | Found a hide-covered altar of Uskayaw.
 21587 | Orc:1    | Entered Level 1 of the Orcish Mines
 21666 | Orc:1    | Found a roughly hewn altar of Beogh.
 21762 | Orc:1    | Noticed Fannar
 21765 | Orc:1    | Killed Fannar
 21800 | Orc:1    | Found a transporter.
 22050 | Orc:2    | Entered Level 2 of the Orcish Mines
 22050 | Orc:2    | Found a staircase to the Elven Halls.
 22085 | Orc:2    | Your ally Milork died
 22126 | Orc:2    | Found Lupocw's Antique Armour Shop.
 22127 | Orc:2    | Found Kouny's Antique Weapon Emporium.
 22127 | Orc:2    | Found Riacrey's Assorted Antiques.
 22127 | Orc:2    | Found Edwo's Jewellery Emporium.
 22419 | Orc:2    | Bought a runed helmet for 187 gold pieces
 22432 | Orc:2    | Bought the amulet "Dumet" {rF+ rC++ Regen+} for 922 gold
                  | pieces
 22531 | D:15     | Entered Level 15 of the Dungeon
 22592 | D:15     | Found a staircase to the Depths.
 23437 | Shoals:1 | Entered Level 1 of the Shoals
 23444 | Shoals:1 | Reached XP level 16. HP: 133/146 MP: 23/25
 23446 | Shoals:1 | Your ally Herok died
 23446 | Shoals:1 | Your ally Milork died
 23608 | Shoals:1 | Reached skill level 15 in Shields
 23684 | Shoals:1 | Anointed Ognian the warrior as your apostle
 23757 | Shoals:1 | Found Tauqaseon's Weapon Boutique.
 23891 | Shoals:1 | Reached skill level 1 in Dodging
 24343 | Shoals:2 | Noticed Ilsuiw
 24365 | Shoals:2 | Killed Ilsuiw
 24927 | Shoals:3 | Your ally Milork died
 24987 | Shoals:3 | Reached skill level 10 in Evocations
 24998 | Shoals:3 | Your ally Herok died
 25028 | Shoals:3 | Your ally Ognian died
 25209 | Shoals:3 | Noticed a kraken
 25217 | Shoals:3 | Killed a kraken
 25736 | Shoals:4 | Entered Level 4 of the Shoals
 25782 | Shoals:4 | Found a glacial archway.
 25786 | Shoals:4 | Acquired the +2 pair of gloves of Kekkuru {rF+ MP+9}
 25835 | IceCv    | Entered an ice cave
 25904 | IceCv    | Reached skill level 18 in Axes
 25904 | IceCv    | Reached XP level 17. HP: 135/154 MP: 27/27
 25958 | IceCv    | Your ally Ognian died
 26016 | IceCv    | Reached skill level 15 in Fighting
 26050 | IceCv    | Noticed an Ice Fiend
 26053 | IceCv    | Your ally Herok died
 26055 | IceCv    | Your ally Milork died
 26441 | IceCv    | Killed an Ice Fiend
 26507 | IceCv    | Got Dalonuyl's Codex of Summoning and the Serac
 26852 | Shoals:3 | Identified the +2 morningstar of the Battered Ziggurats
                  | {pain, Fly rPois Str+2 Dex+3}
 26860 | Shoals:3 | Anointed Bogward the priest as your apostle
 26930 | Shoals:4 | Your ally Bogward died
 27405 | Shoals:4 | Found the +0 toga "Victory" {*Victory Clar}
 27410 | Shoals:4 | Found a runed translucent gate.
 27410 | Shoals:4 | Found a runed translucent gate.
 27410 | Shoals:4 | Found a runed translucent gate.
 27789 | Shoals:4 | Got a barnacled rune of Zot
 27924 | Shoals:3 | Reached skill level 5 in Dodging
 28069 | Spider:1 | Entered Level 1 of the Spider Nest
 28632 | Spider:2 | Your ally Bogward died
 28681 | Spider:2 | Reached skill level 15 in Invocations
 29069 | Spider:2 | Reached XP level 18. HP: 166/166 MP: 29/29
 29187 | Spider:2 | Reached skill level 19 in Axes
 29683 | Spider:3 | Reached ****** piety under Beogh
 30553 | Spider:4 | Entered Level 4 of the Spider Nest
 30558 | Spider:4 | Identified the +5 trident of Hechuf {flame, rElec rF++ rC-
                  | Stlth-}
 30588 | Spider:4 | Your ally Bogward died
 31048 | Spider:4 | Noticed Mlioglotl
 31054 | Spider:4 | Killed Mlioglotl
 31366 | Spider:4 | Got a gossamer rune of Zot
 31851 | Vaults:1 | Entered Level 1 of the Vaults
 31894 | Vaults:1 | Your ally Ognian died
 31919 | Vaults:1 | Reached XP level 19. HP: 179/179 MP: 30/30
 32102 | Vaults:1 | Anointed Benkei the priest as your apostle
 32205 | Vaults:1 | Reached skill level 10 in Dodging
 32211 | Vaults:1 | Your ally Ognian died
 33412 | Vaults:2 | Found Gublairr's Weapon Shoppe.
 33561 | Vaults:2 | Found a staircase to the Crypt.
 34193 | Vaults:3 | Identified the orb of Jeec {light, Will++ Int+3 Dex+3}
 34193 | Vaults:3 | Noticed Frederick
 34199 | Vaults:3 | Killed Frederick
 34288 | Vaults:3 | Found a flickering gateway to a bazaar.
 34293 | Bazaar   | Entered a bazaar
 34314 | Bazaar   | Found Nienneh's Book Shoppe.
 34314 | Bazaar   | Found Rouw's Antique Armour Emporium.
 34336 | Bazaar   | Found Ycoifry's Magic Scroll Shoppe.
 34336 | Bazaar   | Found Ihycog's Antique Weapon Emporium.
 34341 | Bazaar   | Bought a scroll of blinking for 52 gold pieces
 34341 | Bazaar   | Bought a scroll of blinking for 52 gold pieces
 34341 | Bazaar   | Bought a scroll of fear for 28 gold pieces
 34341 | Bazaar   | Bought a scroll of fog for 28 gold pieces
 34341 | Bazaar   | Bought a scroll of enchant weapon for 52 gold pieces
 34363 | Bazaar   | Found Zuopn's Armour Emporium.
 34417 | Bazaar   | Bought a glowing broad axe for 189 gold pieces
 34432 | Bazaar   | Bought a slimy plate armour for 588 gold pieces
 34432 | Bazaar   | Identified the +1 plate armour of the Fiend {Rampage rF+
                  | Will+ MP+9} (You bought it in a shop in a bazaar)
 34432 | Bazaar   | Bought a scorched helmet for 199 gold pieces
 34432 | Bazaar   | Identified the +0 helmet of the Five Building Gods {rC+
                  | Str+3} (You bought it in a shop in a bazaar)
 35209 | Vaults:3 | Reached skill level 20 in Axes
 35298 | Vaults:4 | Noticed Jory
 35307 | Vaults:4 | Killed Jory
 35338 | Vaults:4 | Reached XP level 20. HP: 182/189 MP: 32/32
 35371 | Vaults:4 | Reached skill level 15 in Armour
 35538 | Vaults:4 | Anointed Bogbrand the priest as your apostle
 35590 | Vaults:4 | Noticed Norris
 35597 | Vaults:4 | Killed Norris
 35663 | Vaults:4 | Found Qioskyf's Assorted Antiques.
 35680 | Vaults:4 | Your ally Ognian died
 35689 | Vaults:4 | Your ally Benkei died
 35699 | Vaults:4 | Your ally Bogbrand died
 35780 | Vaults:4 | Bought an ichor-stained plate armour for 980 gold pieces
 35780 | Vaults:4 | Identified the +1 plate armour "Paubis" {Will- Regen+ MP+9
                  | Str+7} (You bought it in a shop on level 4 of the Vaults)
 35780 | Vaults:4 | Bought a scroll of teleportation for 105 gold pieces
 36678 | Elf:1    | Entered Level 1 of the Elven Halls
 36716 | Elf:1    | Paralysed by an air elemental for 1 turns
 37260 | Elf:1    | Got the Atlas of Misery
 37417 | Elf:2    | Acquired the +8 mithril axe "Arga" {speed, Will+}
 37417 | Elf:2    | Found the +8 mithril axe "Arga" {speed, Will+}
 37493 | Elf:2    | Found Paolit's Distillery.
 37499 | Elf:2    | Bought 2 potions of might for 88 gold pieces
 37499 | Elf:2    | Bought a potion of heal wounds for 55 gold pieces
 37499 | Elf:2    | Bought a potion of heal wounds for 55 gold pieces
 37499 | Elf:2    | Bought a potion of haste for 110 gold pieces
 37586 | Elf:3    | Entered Level 3 of the Elven Halls
 37761 | Elf:3    | Found a magical portal.
 37821 | WizLab   | Entered The Roulette of Golubria
 37821 | WizLab   | Found a transporter.
 37874 | Elf:3    | Your ally Benkei died
 37968 | Elf:3    | Reached XP level 21. HP: 73/199 MP: 32/33
 38129 | Elf:3    | Reached skill level 21 in Axes
 38287 | Elf:3    | Got a shimmering gem with 254 turns to spare
 38336 | Elf:3    | Identified the +5 glaive of Moderation {pain, rElec rPois
                  | Str-5 Int+5}
 38360 | Elf:3    | Found the +11 plutonium sword {^Contam Stlth-}
 38380 | Elf:3    | Identified the +6 mace of Regicide {flame, rPois rC+}
 38391 | Elf:3    | Identified the +8 falchion of Ragnarok {freeze, rElec rF-
                  | Will+ SInv}
 38394 | Elf:3    | Got Domuun's Omnibus of Hyperbolic Fascination
 38410 | Elf:3    | Identified the +1 morningstar "Ykleuhiumu" {drain, Int+3}
 39121 | Vaults:5 | Entered Level 5 of the Vaults
 39400 | Vaults:5 | Got a silver rune of Zot
 39450 | Vaults:5 | Killed a dread lich
 39512 | Vaults:5 | Noticed an ancient lich
 39530 | Vaults:5 | Killed an ancient lich
 39577 | Vaults:5 | Identified the amulet of Ogaocine {Reflect Rampage ^Drain
                  | rPois SH+5}
 39651 | Vaults:5 | Identified the staff of the Jumping Blowfly {Str+3 Int+4
                  | Conj}
 39716 | Vaults:5 | Identified the +0 robe of Oweicur {Harm +Blink rCorr
                  | Archmagi}
 39728 | Vaults:5 | Identified the amulet of Due Proportion {Spirit +Inv rElec
                  | Int+4}
 39996 | Vaults:5 | Identified the +4 spear of Hadgh {speed, Str+3 Dex+4}
 40051 | Vaults:5 | Your ally Ognian died
 40062 | Vaults:5 | Reached XP level 22. HP: 209/211 MP: 35/35
 40780 | Vaults:3 | Identified the +8 dagger of the Hurling Traitor {flame,
                  | *Corrode Fly Int+3}
 40780 | Vaults:3 | Identified the +2 robe "Ruisirph" {Str+3 Dex+2 SInv}
 40802 | Vaults:3 | Anointed Wargath the wizard as your apostle
 41104 | Slime:1  | Entered Level 1 of the Pits of Slime
 41114 | Slime:1  | Reached skill level 22 in Axes
 41226 | Slime:3  | Your ally Bogbrand died
 41233 | Slime:3  | Your ally Wargath died
 41377 | Slime:4  | Identified the +1 bardiche "Qaedghai" {protect, rElec
                  | Will+}
 41398 | Slime:4  | Anointed Arkwar the warrior as your apostle
 41541 | Slime:5  | Entered Level 5 of the Pits of Slime
 41765 | Slime:5  | Noticed the Royal Jelly
 41776 | Slime:5  | Killed the Royal Jelly
 41776 | Slime:5  | Your ally Arkwar died
 41785 | Slime:5  | Your ally Benkei died
 41838 | Slime:5  | Paralysed by a formless jellyfish for 1 turns
 42016 | Slime:5  | Identified the ring "Pocsozeqi" {Wiz Dex+6 Stlth+}
 42098 | Slime:5  | Got Lom Lobon's Essays on the Cooperative Vertex
 42107 | Slime:5  | Identified the +3 chain mail "Xydigyit" {-Tele rF+ Regen+
                  | Int+4}
 42111 | Slime:5  | Got a slimy rune of Zot
 42208 | Slime:5  | Identified the +5 lajatang "Haeg" {freeze, rElec Int+4}
 42220 | Slime:5  | Got the Grimoire of Spawned Lamentation
 42523 | Depths:1 | Entered Level 1 of the Depths
 42542 | Depths:1 | Noticed a juggernaut
 42554 | Depths:1 | Killed a juggernaut
 42616 | Depths:1 | Found a one-way gate to the infinite horrors of the Abyss.
 43069 | Depths:1 | Found a sparkling altar of Nemelex Xobeh.
 43262 | Depths:1 | Found a gateway to Hell.
 43452 | Depths:2 | Acquired 713 gold pieces
 43490 | Depths:2 | Reached XP level 23. HP: 220/220 MP: 37/37
 43675 | Depths:2 | Found the +5 demon whip "Spellbinder" {antimagic, disrupt,
                  | Will+}
 43892 | Depths:2 | Found a one-way gate leading to the halls of Pandemonium.
 43983 | Depths:2 | Found a runed translucent door.
 43984 | Depths:2 | Noticed a juggernaut
 44221 | Depths:2 | Found a runed translucent door.
 44222 | Depths:2 | Noticed a juggernaut
 44445 | Depths:2 | Identified the amulet of Yppuxyq {Faith Int+2}
 44445 | Depths:2 | Noticed a caustic shrike
 44472 | Depths:2 | Killed a juggernaut
 44478 | Depths:2 | Reached skill level 23 in Axes
 44594 | Depths:2 | Killed a juggernaut
 44594 | Depths:2 | Was placed under penance by Beogh
 44597 | Depths:2 | Killed a caustic shrike
 45244 | Depths:3 | Found a one-way gateway to a ziggurat.
 45348 | Depths:3 | Found a broken altar of Ashenzari.
 45847 | Depths:4 | Entered Level 4 of the Depths
 46195 | Depths:4 | Identified the +2 robe "Xobyushalo" {Will++ Int-5}
 46195 | Depths:4 | Noticed Boris
 46214 | Depths:4 | Killed Boris
 46311 | Depths:4 | Noticed Mennas
 46333 | Depths:4 | Killed Mennas
 46384 | Depths:4 | Was forgiven by Beogh
 46606 | Depths:4 | Found a gate to the Realm of Zot.
 46647 | Depths:4 | Found Plog's Jewellery Shoppe.
 46649 | Depths:4 | Found Peph's Assorted Antiques.
 46649 | Depths:4 | Found Sumadghizel's Magic Scroll Shoppe.
 46654 | Depths:4 | Found Liebby's Weapon Emporium.
 46657 | Depths:4 | Bought a scroll of teleportation for 87 gold pieces
 46663 | Depths:4 | Bought a scroll of revelation for 97 gold pieces
 46663 | Depths:4 | Bought a scroll of teleportation for 39 gold pieces
 46663 | Depths:4 | Bought a scroll of fear for 52 gold pieces
 46663 | Depths:4 | Bought a scroll of butterflies for 52 gold pieces
 46881 | Depths:4 | Identified the +6 great mace of the Lumpy Ghosts {flame,
                  | Str+5}
 46898 | Depths:4 | Anointed Horkud the warrior as your apostle
 46931 | Depths:4 | Your ally Benkei died
 46947 | Depths:4 | Your ally Bogbrand died
 46949 | Depths:4 | Reached XP level 24. HP: 220/226 MP: 37/37
 47132 | Zot:1    | Entered Level 1 of the Realm of Zot
 47182 | Zot:1    | Noticed an orb of fire
 47182 | Zot:1    | Gained mutation: You occasionally lose the ability to read
                  | scrolls when taking damage. [an orb of fire]
 47188 | Zot:1    | Killed an orb of fire
 47189 | Zot:1    | Reached skill level 1 in Throwing
 47189 | Zot:1    | Lost mutation: You occasionally lose the ability to read
                  | scrolls when taking damage. [potion of mutation]
 47189 | Zot:1    | Gained mutation: You occasionally lose the ability to read
                  | scrolls when taking damage. [potion of mutation]
 47189 | Zot:1    | Gained mutation: You are somewhat resistant to further
                  | mutation. [potion of mutation]
 47190 | Zot:1    | Lost mutation: You are somewhat resistant to further
                  | mutation. [potion of mutation]
 47190 | Zot:1    | Lost mutation: You occasionally lose the ability to read
                  | scrolls when taking damage. [potion of mutation]
 47190 | Zot:1    | Gained mutation: You are partially covered in iridescent
                  | scales. (AC +2) [potion of mutation]
 47190 | Zot:1    | Gained mutation: You are mostly covered in iridescent
                  | scales. (AC +4) [potion of mutation]
 47190 | Zot:1    | Lost mutation: You are mostly covered in iridescent scales.
                  | (AC +4) [potion of mutation]
 47589 | Zot:5    | Entered Level 5 of the Realm of Zot
 47603 | Zot:5    | Reached skill level 24 in Axes
 48156 | Zot:5    | Reached skill level 5 in Throwing
 48248 | Zot:5    | Got a prismatic gem with 7 turns to spare
 48622 | Zot:5    | Noticed an orb of fire
 48622 | Zot:5    | Noticed a Killer Klown
 48622 | Zot:5    | Noticed an orb of fire
 48622 | Zot:5    | Noticed an orb of fire
 48630 | Zot:5    | Got the Orb of Zot
 48632 | Zot:5    | Noticed an orb of fire
 48633 | Zot:5    | Noticed a Killer Klown
 48636 | Zot:5    | Noticed an orb of fire
 48647 | Zot:5    | Noticed a dread lich
 48649 | Zot:5    | Your ally Bogbrand died
 48956 | Depths:1 | Noticed Doihaih the pandemonium lord
 49143 | D:8      | Noticed a seraph
 49246 | D:$      | Escaped with the Orb!

Illustrated notes

Levels and vault maps discovered:
D:1:      dpeg_arrival_stone_temple_mockup, layout_basic
D:2:      layout_basic
D:3:      layout_basic, ebering_ecumenical_altar_mist, roderic_lattice_a,
          small_statue_intersection, uniq_natasha
D:4:      minmay_inner_zag, layout_cave_pools, lemuel_tele_altar,
          serial_column_ruins, column_ruins_open_small, column_ruins_grid_1,
          column_ruins_columns_straight, column_ruins_open_small,
          column_ruins_columns_straight, column_ruins_open_small
D:5:      layout_cave_pools, chequers_temple_overflow_minitemple,
          lightli_sewer_entry_pipes, gammafunk_ghost_split,
          uniq_crazy_yiuf_cottage
D:6:      layout_layer_cave, minmay_temple_entry_arrows,
          hellmonk_ghost_happy_afterlife, chequers_serial_rivers_marsh
D:7:      layout_basic, mainiacjoe_overflow_chevrons, uniq_maggie, uniq_joseph
D:8:      layout_basic
D:9:      layout_irregular_city, serial_shops, shop, kennysheep_generic_room_4
D:10:     layout_basic, david_lair_generic, enter_bailey_3, serial_shops, shop
D:11:     layout_roguey, orc_0_dummy, amcnicky_mini_pool_small,
          nicolae_twisting_strands
D:12:     layout_rooms, serial_shops, shop, uniq_rupert, uniq_kirke
D:13:     layout_basic
D:14:     layout_roguey, hangedman_vaults_entry_quadrant_bands,
          nicolae_uskayaw_dance_hall, uniq_lodul, uniq_jorgrun
D:15:     hangedman_depths_entry_try_elsewhere_first, layout_loops_ring,
          minivault_24
Lair:1:   layout_chaotic_city, grunt_megastairs_1
Lair:2:   layout_roguey, elwin_shoals_entry_rocks, nicolae_lair_lindhole
Lair:3:   layout_roguey, dummy_spider_entry, minivault_19,
          serial_bayou_crossing, uniq_snorg
Lair:4:   layout_layer_cave, slime_entry_1
Lair:5:   minmay_lair_end_enchanted_forest, layout_loops_ring
Shoals:1: layout_shoals, serial_shops, nicolae_shop_trees
Shoals:2: layout_shoals, uniq_ilsuiw
Shoals:3: layout_shoals, st_sunken_huts
Shoals:4: shoals_end_grunt_ice, layout_shoals, portal_ice_cave_entry_pillars_2,
          nicolae_shoals_beach_cooler
Spider:1: layout_spider_delve
Spider:2: layout_spider_delve, nicolae_spider_solar_radiation
Spider:3: layout_chambers, nicolae_spider_nook
Spider:4: hellmonk_spider_rune_endless_swarm, uniq_mlioglotl
Slime:1:  layout_caves
Slime:2:  layout_caves
Slime:3:  layout_caves, nicolae_slime_getting_an_eyeful
Slime:4:  layout_caves
Slime:5:  slime_pit_nicolae_trefoil
Orc:1:    emtedronai_trogs_sanctum, layout_caves, nicolae_orc_seminary,
          uniq_fannar
Orc:2:    st_orc_ogre_mass, layout_caves
Elf:1:    nicolae_elf_arrival_fired_up, layout_loops_cross,
          minmay_elf_necromancy
Elf:2:    elven_hall_of_blades_hangedman_alternative
          [nicolae_blade_entry_sentries_behind_glass], layout_geoelf_diagonals,
          serial_shops, nicolae_shop_industrial_runoff, st_stairs_9
Elf:3:    minmay_elf_hall, layout_geoelf_octagon, mu_enter_wizlab_2
Vaults:1: v_misc_13, nicolae_vaults_double_plus_2, nicolae_vaults_house_3,
          v_misc_10, nicolae_vaults_border_crossing, vaults_room_door_ring,
          layout_vaults_omnigrid
Vaults:2: nicolae_vaults_door_testing_chamber, nicolae_vaults_wine_cellar,
          vaults_room_fancy_cross, hangedman_vaults_locks,
          grunt_vaults_diagonal, ontoclasm_vaults_decontamination,
          nicolae_vaults_shipping_containers_4, nicolae_vaults_little_ls,
          vaults_dpeg_encased_lava, vaults_room_fours,
          layout_vaults_chaotic_city, dummy_crypt_entry, serial_shops,
          nicolae_shop_window_shopping
Vaults:3: nicolae_vaults_closet_pinwheel_3, nicolae_vaults_diamond_1,
          nicolae_vaults_offset_grid_hallway_3, vaults_room_semicircle,
          nicolae_vaults_tetromino_L_1, nicolae_vaults_offset_grid_hallway_1,
          v_alt_pattern_1, nicolae_vaults_stairing_the_circle,
          grunt_vaults_hallway_short, vaults_standard_mumra_enter_the_diamond,
          v_misc_30, nicolae_vaults_diagonal_hallway_7, v_misc_16,
          nicolae_vaults_hallways_thing, layout_vaults_maze, serial_shops,
          bzr_entry_dummy, uniq_frederick
Vaults:4: v_misc_8, nicolae_vaults_meiosis, nicolae_vaults_octothorpe,
          dpeg_vaults_monster_box, nicolae_vaults_shipping_containers_3,
          ontoclasm_vaults_chip, nicolae_vaults_windows_and_doors_thing,
          nicolae_vaults_trapezoid_layered, hangedman_vaults_stagger,
          grunt_vaults_funnel, vaults_room_semicircle,
          nicolae_vaults_diagonal_hallway_8, layout_vaults_ring, serial_shops,
          nicolae_shop_window_shopping, uniq_jory, uniq_norris
Vaults:5
Depths:1: layout_gridlike, hangedman_tar_grid_catacomb, minmay_room_of_horrors,
          nemelex_lonely_heart_becter
Depths:2: minmay_expanding_circles, layout_gridville,
          hangedman_abyss_or_decor_lesser_grid, hell_entry,
          rand_demon_pan_entry_9, minmay_protected_statue,
          kennysheep_random_hallway
Depths:3: kennysheep_green_arena, layout_gridlike, enter_ziggurat_b,
          grunt_pan_entry_in_and_out, hell_entry, abyss_entry,
          ashenzari_altar_1, infiniplex_staircase_diamond, firewood_loft,
          serial_bayou_shore_b
Depths:4: grunt_zot_entry_gee_three, layout_cave_shapes, hellmouth_1,
          columned_hall_lemuel, minmay_shoptagon, uniq_boris, uniq_mennas
Zot:1:    layout_cellular_growth
Zot:2:    layout_basic, hangedman_zot_wheel_spokes, skrybe_zot_glass_1
Zot:3:    layout_misc_corridors, st_stairs_8
Zot:4:    layout_concentric_octagons, uniq_parghit
Zot:5:    layout_basic, st_stairs_12, nicolae_lava_and_water

Skill      XL: |  1  2  3  4  5  6  7  8  9 10 11 12 13 14 15 16 17 18 19 20 21 22 23 24 |
---------------+-------------------------------------------------------------------------+-----
Axes           | 3 4 5 6 10 12 16 17 18 19 20 21 22 23 24 | 24.4
Fighting       | 5 9 10 12 14 15 18 19 20 21 22 | 22.0
Armour         | 4 8 9 10 12 14 16 17 18 19 20 | 20.0
Invocations    | 7 8 10 12 13 15 16 17 19 20 21 22 | 22.7
Evocations     | 5 6 9 10 12 | 12.0
Maces & Flails | 8 9 |  9.3
Shields        | 5 9 10 12 14 15 16 18 19 20 | 20.0
Dodging        | 3 5 9 10 | 10.0
Throwing       | 6 |  6.6

Action                     |  1- 3 |  4- 6 |  7- 9 | 10-12 | 13-15 | 16-18 | 19-21 | 22-24 || total
---------------------------+-------+-------+-------+-------+-------+-------+-------+-------++-------
  Melee: War axe           |    53 |   168 |   227 |       |       |       |       |       ||   448
         Hand axe          |       |       |    41 |   313 |       |       |       |       ||   354
         Mace              |       |       |       |   352 |       |       |       |       ||   352
         Broad axe         |       |       |       |    38 |   554 |   785 |   962 |  1347 ||  3686
  Throw: Dart              |       |     5 |       |    27 |     3 |     2 |       |       ||    37
         Boomerang         |       |       |       |    12 |       |       |       |    19 ||    31
         Throwing net      |       |       |       |       |       |     1 |       |     5 ||     6
 Invoke: Convert to Beogh  |       |     1 |       |       |       |       |       |       ||     1
         Smiting           |       |       |     8 |    16 |    26 |    15 |    20 |    23 ||   108
         Recall Apostles   |       |       |       |     2 |     7 |     7 |     5 |     6 ||    27
         Recruit Apostle   |       |       |       |     2 |     2 |     2 |     2 |     3 ||    11
         Dismiss Apostle   |       |       |       |       |     2 |     3 |     2 |     3 ||    10
         Blood for Blood   |       |       |       |       |     1 |     3 |     1 |       ||     5
  Evoke: Wand              |       |       |       |    26 |     1 |     4 |     3 |     3 ||    37
         Condenser vane    |       |       |       |     3 |     3 |     3 |     3 |     4 ||    16
         Lightning rod     |       |       |       |       |       |       |       |     4 ||     4
         Box of beasts     |       |       |       |       |       |       |       |     2 ||     2
         Phantom mirror    |       |       |       |       |       |       |       |     2 ||     2
    Use: Scroll            |     5 |     6 |     6 |    26 |     4 |    12 |    11 |    19 ||    89
         Potion            |     1 |     1 |     5 |     6 |       |     3 |     3 |    17 ||    36
   Stab: Invisible         |       |       |       |     6 |       |     8 |       |     3 ||    17
         Distracted        |       |       |       |       |    13 |    15 |    25 |    15 ||    68
         Confused          |       |       |       |       |       |       |       |     3 ||     3
         Held in net/web   |       |       |       |       |       |       |       |     4 ||     4
 Armour: Scale mail        |    33 |    98 |    69 |       |       |       |       |       ||   200
         Chain mail        |       |       |   140 |   196 |       |       |       |       ||   336
         Acid dragon scale |       |       |       |    13 |       |       |       |       ||    13
         Storm dragon scal |       |       |       |   523 |   503 |   329 |   532 |   516 ||  2403
         Ring mail         |       |       |       |       |       |   251 |       |       ||   251
  Dodge: Dodged            |    16 |    78 |   116 |   328 |   146 |   261 |   295 |   154 ||  1394
  Block: Buckler           |    13 |    28 |    50 |   146 |       |       |       |       ||   237
         Kite shield       |       |       |       |    91 |   643 |   820 |   714 |   803 ||  3071
         Reflection        |       |       |       |       |       |       |       |    18 ||    18

Table legend: (Time is in decaauts)
 A = Elapsed time spent in this place.
 B = Non-inter-level travel time spent in this place.
 C = Inter-level travel time spent in this place.
 D = Time resting spent in this place.
 E = Time spent auto-exploring this place.
 F = Levels seen in this place.
 G = Mean time per level.
                   A        B        C        D        E       F      G
               +--------+--------+--------+--------+--------+-----+--------+
         Total |  48603 |  43824 |   4779 |   2448 |  30978 |  57 |  852.7 |
       Dungeon |  16958 |  14707 |   2251 |   1023 |  10704 |  15 | 1130.5 |
          Lair |   6016 |   5348 |    668 |    175 |   3998 |   5 | 1203.2 |
        Shoals |   3732 |   3537 |    195 |     30 |   2547 |   4 |  933.0 |
   Spider Nest |   3616 |   3375 |    241 |      4 |   2566 |   4 |  904.0 |
    Slime Pits |   1038 |    956 |     82 |    319 |    199 |   5 |  207.6 |
  Orcish Mines |    933 |    825 |    108 |      0 |    651 |   2 |  466.5 |
   Elven Halls |   2119 |   1984 |    135 |      6 |   1387 |   3 |  706.3 |
        Vaults |   6286 |   5732 |    554 |     46 |   4325 |   5 | 1257.2 |
        Depths |   4387 |   4108 |    279 |     76 |   3257 |   4 | 1096.8 |
           Zot |   1489 |   1228 |    261 |    307 |    535 |   5 |  297.8 |
        Bazaar |    182 |    182 |      0 |      0 |     85 |   1 |  182.0 |
         Sewer |    320 |    320 |      0 |      4 |    130 |   1 |  320.0 |
        Bailey |    573 |    573 |      0 |    112 |    289 |   1 |  573.0 |
      Ice Cave |    945 |    945 |      0 |    344 |    303 |   1 |  945.0 |
        Wizlab |      3 |      3 |      0 |      0 |      0 |   1 |    3.0 |
               +--------+--------+--------+--------+--------+-----+--------+

Top non-repeatable levels by time:
     D:8: 1527 daAuts
Vaults:5: 1465 daAuts
     D:6: 1430 daAuts
     D:7: 1406 daAuts
    D:14: 1406 daAuts
  Lair:2: 1403 daAuts
     D:3: 1402 daAuts
    D:11: 1397 daAuts
Vaults:1: 1394 daAuts
    D:10: 1386 daAuts
  Lair:4: 1349 daAuts
     D:9: 1273 daAuts
  Lair:1: 1265 daAuts
Vaults:4: 1239 daAuts
Depths:4: 1229 daAuts
